 Dungeon Crawl Stone Soup version 0.19.4 (console) character file.

31920 Kloppie the Severer (level 13, -1/122 HPs)
             Began as a Green Draconian Berserker on Feb 5, 2017.
             Was a High Priest of Trog.
             Slain by a blink frog (12 damage)
             ... on level 6 of the Lair of Beasts.
             The game lasted 00:25:10 (17452 turns).

Kloppie the Severer (Green Draconian Berserker)    Turns: 17452, Time: 00:25:10

Health: -1/122     AC: 14    Str: 20    XL:     13   Next: 28%
Magic:  4/4        EV: 18    Int:  8    God:    Trog [*****.]
Gold:   1090       SH:  0    Dex: 15    Spells: 0 memorised, 12 levels left

rFire  . . .     SeeInvis .     a - +2 battleaxe (antimagic)
rCold  + . .     Gourm    .     (armour unavailable)
rNeg   . . .     Faith    .     (shield currently unavailable)
rPois  +         Spirit   .     (helmet restricted)
rElec  .         Reflect  .     c - +1 cloak
rCorr  .         Harm     .     i - +0 pair of gloves
MR     ++...                    l - +0 pair of boots
Stlth  +.........               (no amulet)
                                y - +2 ring of protection
                                j - ring of protection from cold

@: regenerating
A: breathe noxious fumes, unfitting armour, poison resistance, cold-blooded, AC
+8
a: Breathe Noxious Fumes, Berserk, Trog's Hand, Brothers in Arms, Burn
Spellbooks, Renounce Religion


You were on level 6 of the Lair of Beasts.
You worshipped Trog.
Trog was extremely pleased with you.
You were near starving.

You visited 2 branches of the dungeon, and saw 16 of its levels.
You also visited: Bailey.

You collected 1090 gold pieces.

Inventory:

Hand Weapons
 a - a +2 antimagic battleaxe (weapon)
 b - a +2 morningstar of flaming
 v - a +3 antimagic broad axe
Armour
 c - a +1 cloak (worn)
 i - a +0 pair of gloves (worn)
 l - a +0 pair of boots (worn)
Jewellery
 j - a ring of protection from cold (left hand)
 y - a +2 ring of protection (right hand)
Wands
 d - a wand of lightning (9/15)
 k - a wand of slowing (25/48)
 u - a wand of digging (3/24)
 z - a wand of acid (5/15)
Scrolls
 e - 6 scrolls of remove curse
 h - 4 scrolls of identify
 o - 4 scrolls of enchant armour
 p - a scroll of recharging
Potions
 g - a potion of might
 m - 2 potions of curing
 x - a potion of brilliance
 C - 2 potions of magic
 G - 3 potions of agility
Comestibles
 n - a beef jerky
 q - 5 meat rations
 r - 23 fruits
 t - 5 slices of pizza
 E - 9 royal jellies
 F - 12 bread rations


   Skills:
 + Level 13.0 Fighting
 - Level 16.8 Axes
 + Level 8.4 Dodging


You had 12 spell levels left.
You didn't know any spells.

Dungeon Overview and Level Annotations

Branches:
Dungeon (10/15)            Temple (0/1) D:7            Lair (6/6) D:9
  Swamp (0/4) Lair:4       Spider (0/4) Lair:3        Slime (0/5) Lair:5
    Orc: D:9-12

Altars:
Ashenzari
Dithmenos
Kikubaaqudgha
Qazlal
Sif Muna
Trog
Uskayaw
Yredelemnul
Zin

Shops:
D:9 *

Annotations:
D:10 4 runed doors


Innate Abilities, Weirdness & Mutations

You can breathe blasts of noxious fumes.
Your lurid green scales are hard. (AC +8)
You cannot fit into any form of body armour.
Your system is resistant to poisons. (rPois)
You are cold-blooded and may be slowed by cold attacks.


Message History

The blink frog blinks!
You miss the blink frog.
You tail-slap the blink frog, but do no damage.
You barely miss the komodo dragon. You miss the blink frog.
The blink frog hits you but does no damage.
The komodo dragon bites you!
* * * LOW HITPOINT WARNING * * *
The blink frog blinks!
The blink frog hits you!
* * * LOW HITPOINT WARNING * * *
The blink frog blinks!
The blink frog barely misses you.
You feel better. The blink frog barely misses you.
The blink frog blinks!
Okay, then.
Okay, then.
Evoke which item? (* to show all) (? for menu, Esc to quit)
Zapping:
u - a wand of digging (4/24)
Press: ? - help, Shift-Dir - straight line The rock shatters into small pieces.
This wand has 3 charges left.
The blink frog misses you.
The blink frog blinks!
The blink frog hits you!
You die...

♣............#
♣............# #.
............# #.#
...........# #.#
...P.....†P##### #.#
###........PPPP####.#
.PP........PPPP#.#.#
.P....†.....P...#.#
.........P......@####
.........#.#....lFF.#
..........#.#P...FF.......
..###...########.F........
.####....## ##......t..
..##P...#.# ##......#.
.####....## .......#
###P....## .......#
##...## #....#..


You could see a komodo dragon, 5 blink frogs and a crocodile (wandering).

Vanquished Creatures
  The ghost of cba the Unseen, a journeyman OpAs of Dithmenos (Lair:5)
  Snorg (Lair:4)
  4 hydras
  2 hill giants
  Pikel (D:8)
  An orc knight (Bailey)
  Maurice (D:8)
  2 black mambas
  4 spiny frogs
  2 torpor snails
  5 komodo dragons
  3 trolls
  3 polar bears
  A two-headed ogre (D:7)
  14 blink frogs
  10 dream sheep (Lair:4)
  4 hippogriffs
  A wyvern (D:9)
  4 basilisks
  25 yaks
  6 swamp worms (Lair:4)
  Duvessa (D:5)
  11 water moccasins
  3 porcupines
  12 orc warriors
  3 ice beasts
  2 sky beasts
  A black bear (Lair:6)
  A slave (D:8)
  3 boggarts (Lair:6)
  A necrophage (Lair:2)
  9 ogres
  A phantom (D:4)
  9 crocodiles
  4 centaurs
  17 wolves
  12 bullfrogs
  A big kobold (D:10)
  Dowan (D:5)
  4 scorpions
  2 water moccasin skeletons
  A howler monkey (D:6)
  2 electric eels (Lair:4)
  2 crimson imps (D:5)
  7 hounds
  11 jellies
  4 orc priests
  3 orc wizards
  A centaur skeleton (D:4)
  A bullfrog skeleton (D:6)
  3 iguanas
  6 hell rats (Lair:4)
  Natasha (thrice) (D:2)
  6 worker ants
  3 hound zombies
  A hound skeleton (D:7)
  A worker ant zombie (D:10)
  A gnoll (D:9)
  A howler monkey skeleton (D:6)
  12 adders
  15 river rats
  3 shadow imps
  7 oozes
  An adder skeleton (D:4)
  4 worms
  4 leopard geckos
  31 orcs
  7 giant cockroaches
  9 goblins
  4 hobgoblins
  6 jackals
  16 kobolds
  8 quokkas
  20 bats
  10 frilled lizards
  A quokka skeleton (D:8)
  49 rats
  13 fungi
  2 plants (D:9)
472 creatures vanquished.

Vanquished Creatures (collateral kills)
  A hydra (Lair:2)
  A torpor snail (Lair:4)
  3 necrophages (Lair:2)
  2 wolves (Lair:4)
7 creatures vanquished.

Vanquished Creatures (others)
  A boggart (Lair:6)
  A shadow imp (D:8)
  5 fungi
  A plant (Lair:3)
8 creatures vanquished.

Grand Total: 487 creatures vanquished

Notes
Turn   | Place    | Note
-------+----------+-------------------------------------------
     0 | D:1      | Kloppie the Draconian Berserker began the quest for the Orb.
     0 | D:1      | Reached XP level 1. HP: 19/19 MP: 1/1
   212 | D:1      | Reached XP level 2. HP: 18/27 MP: 2/2
   921 | D:2      | Reached XP level 3. HP: 24/33 MP: 3/3
   950 | D:2      | Found a shattered altar of Ashenzari.
   951 | D:2      | Noticed Natasha
   956 | D:2      | Killed Natasha
  1125 | D:2      | Reached XP level 4. HP: 10/41 MP: 4/4
  1396 | D:2      | Noticed Natasha
  1401 | D:2      | Killed Natasha
  1401 | D:2      | Reached skill level 5 in Fighting
  1420 | D:2      | Reached skill level 4 in Axes
  1431 | D:2      | Reached ** piety under Trog
  1434 | D:2      | HP: 2/42 [poisoned by an adder]
  1678 | D:2      | Noticed Natasha
  1691 | D:2      | Killed Natasha
  1691 | D:2      | Reached XP level 5. HP: 26/48 MP: 5/5
  2208 | D:3      | Found an ancient bone altar of Kikubaaqudgha.
  2281 | D:3      | Found a hide-covered altar of Uskayaw.
  2617 | D:3      | Found a stormy altar of Qazlal.
  2777 | D:4      | Reached XP level 6. HP: 57/58 MP: 6/6
  2779 | D:4      | Reached *** piety under Trog
  2917 | D:4      | Reached skill level 5 in Axes
  3158 | D:4      | Received a gift from Trog
  3176 | D:4      | Your scales start taking on a lurid green colour.
  3176 | D:4      | Reached XP level 7. HP: 62/66 MP: 7/7
  3176 | D:4      | Gained mutation: Your system is resistant to poisons. (rPois) [Green Draconian growth]
  3193 | D:4      | Found a deep blue altar of Sif Muna.
  3594 | D:5      | Entered Level 5 of the Dungeon
  3615 | D:5      | Found a shadowy altar of Dithmenos.
  4104 | D:5      | Reached **** piety under Trog
  4241 | D:5      | Noticed Duvessa
  4241 | D:5      | Noticed Dowan
  4250 | D:5      | Killed Duvessa
  4250 | D:5      | Reached skill level 6 in Axes
  4255 | D:5      | Killed Dowan
  4255 | D:5      | Reached XP level 8. HP: 74/74 MP: 8/8
  4652 | D:6      | Reached skill level 5 in Dodging
  4674 | D:6      | Noticed a hill giant
  4681 | D:6      | Killed a hill giant
  4681 | D:6      | Reached skill level 7 in Axes
  4978 | D:6      | Found a basalt altar of Yredelemnul.
  5298 | D:7      | Reached XP level 9. HP: 82/82 MP: 9/9
  5719 | D:7      | Reached skill level 8 in Axes
  5735 | D:7      | Found a bloodstained altar of Trog.
  5835 | D:7      | Reached skill level 10 in Fighting
  5892 | D:7      | Found a staircase to the Ecumenical Temple.
  6189 | D:8      | Reached ***** piety under Trog
  6402 | D:8      | Noticed Maurice
  6454 | D:8      | Killed Maurice
  6613 | D:8      | Noticed Pikel
  6642 | D:8      | Killed Pikel
  6642 | D:8      | Reached skill level 9 in Axes
  6642 | D:8      | Reached XP level 10. HP: 40/96 MP: 10/10
  7540 | D:9      | Identified the Volume of Combat Magic and the Escort
  7553 | D:9      | Found Zin's Purification Station.
  7556 | D:9      | Found a glowing silver altar of Zin.
  7693 | D:9      | Found a flagged portal.
  7701 | Bailey   | Entered a bailey
  7967 | Bailey   | Noticed an orc knight
  7985 | Bailey   | Killed an orc knight
  8022 | Bailey   | Got a transparent large shield
  8023 | Bailey   | Identified the +3 large shield of Quazo {Str+4} (You found it in a bailey)
  8041 | Bailey   | Reached skill level 10 in Axes
  8559 | D:9      | Received a gift from Trog
  8716 | D:9      | Found a staircase to the Lair.
  8724 | D:9      | Reached XP level 11. HP: 76/107 MP: 11/11
  8766 | D:10     | Entered Level 10 of the Dungeon
  8773 | D:10     | Noticed a hill giant
  8784 | D:10     | Killed a hill giant
  9832 | D:10     | Found a huge runed gate.
  9832 | D:10     | Noticed a death yak
  9833 | D:10     | Found a huge runed gate.
  9833 | D:10     | Found a huge runed gate.
  9833 | D:10     | Found a huge runed gate.
 10071 | D:10     | Reached skill level 11 in Axes
 10455 | Lair:1   | Entered Level 1 of the Lair of Beasts
 10950 | Lair:1   | Reached skill level 12 in Axes
 11668 | Lair:2   | Noticed an eight-headed hydra
 11680 | Lair:1   | Killed an eight-headed hydra
 11940 | Lair:2   | Reached skill level 13 in Axes
 12224 | Lair:2   | Noticed an eight-headed hydra
 12236 | Lair:2   | Killed an eight-headed hydra
 12245 | Lair:2   | Reached XP level 12. HP: 43/115 MP: 12/12
 12540 | Lair:2   | Received a gift from Trog
 12833 | Lair:3   | Noticed a seven-headed hydra
 12848 | Lair:3   | Killed a seven-headed hydra
 13440 | Lair:3   | Reached skill level 14 in Axes
 13751 | Lair:3   | Found a hole to the Spider Nest.
 14004 | Lair:3   | Found a runed door.
 14078 | Lair:3   | Noticed a six-headed hydra
 14088 | Lair:3   | Killed an 11-headed hydra
 14486 | Lair:4   | Reached skill level 15 in Axes
 14815 | Lair:4   | Noticed Snorg
 14821 | Lair:4   | Killed Snorg
 15015 | Lair:4   | HP: 8/172 [dream sheep (10)]
 15017 | Lair:4   | HP: 2/172 [dream sheep (8)]
 15018 | Lair:4   | Reached skill level 16 in Axes
 15203 | Lair:4   | Reached XP level 13. HP: 67/122 MP: 4/13
 15521 | Lair:4   | Found a staircase to the Swamp.
 15873 | Lair:5   | Noticed cba's ghost (journeyman OpAs)
 15921 | Lair:4   | Received a gift from Trog
 16119 | Lair:5   | Killed cba's ghost
 16263 | Lair:5   | Found a staircase to the Slime Pits.
 16390 | Lair:5   | Identified a scroll of acquirement
 16391 | Lair:5   | Got a warped hand axe
 16392 | Lair:5   | Identified the +12 hand axe of the Crypt {chop, *Noise Str+9} (You acquired it on level 5 of the Lair of Beasts)
 16874 | Lair:6   | Entered Level 6 of the Lair of Beasts
 17450 | Lair:6   | HP: 1/122 [blink frog (12)]
 17452 | Lair:6   | Slain by a blink frog

Skill      XL: |  1  2  3  4  5  6  7  8  9 10 11 12 |
---------------+-------------------------------------+-----
Fighting       | 4 5 6 7 8 11 13 | 13.0
Axes           | 4 5 6 7 9 10 13 16 | 16.8
Dodging        | 4 6 7 8 |  8.4

Action                   |  1- 3 |  4- 6 |  7- 9 | 10-12 | 13-15 || total
-------------------------+-------+-------+-------+-------+-------++-------
Melee: Hand axe          |    96 |   212 |    49 |       |       ||   357
       Tailslap          |    10 |    24 |    62 |   107 |    32 ||   235
       War axe           |       |       |   291 |   353 |       ||   644
       Trident           |       |       |       |    12 |       ||    12
       Battleaxe         |       |       |       |   253 |   156 ||   409
       Morningstar       |       |       |       |       |     7 ||     7
Invok: Berserk           |     3 |     3 |     4 |    12 |     3 ||    25
       Trog's Hand       |       |     1 |       |     4 |     1 ||     6
       Brothers in Arms  |       |       |       |     2 |       ||     2
 Abil: Breathe Noxious F |       |       |     1 |     8 |       ||     9
Evoke: Wand              |       |       |       |       |     1 ||     1
  Use: Potion            |       |     4 |     5 |     4 |     3 ||    16
       Scroll            |       |     5 |    11 |     5 |     7 ||    28
 Stab: Sleeping          |     2 |     1 |     3 |       |       ||     6
       Distracted        |       |       |       |     1 |       ||     1
  Eat: Chunk             |     3 |    11 |    14 |    40 |     8 ||    76
       Royal jelly       |       |       |       |     2 |       ||     2
Armor: Skin              |    33 |    53 |   106 |   243 |    44 ||   479
Dodge: Dodged            |    97 |   150 |   244 |   620 |   120 ||  1231
